 Dungeon Crawl Stone Soup version 0.30-a0-913-g9934a0ce24 (webtiles) character file.

Game seed: 6321458674873519064

432 Zonian the Ruffian (level 7, -2/39 HPs)
             Began as a Vine Stalker Gladiator on Mar 19, 2023.
             Was a Follower of Ashenzari.
             Slain by an ogre
             ... wielding a +0 giant spiked club
              (26 damage)
             ... on level 5 of the Dungeon.
             The game lasted 00:06:16 (3316 turns).

Zonian the Ruffian (Vine Stalker Gladiator)         Turns: 3316, Time: 00:06:16

Health: -2/39      AC:  9    Str: 19    XL:     7   Next: 0%
Magic:  0/8        EV: 12    Int:  8    God:    Ashenzari [*.....]
Gold:   211        SH:  0    Dex: 15    Spells: 6/6 levels left

rFire   + . .      SeeInvis .      - Unarmed
rCold   . . .      Faith    .    (no shield)
rNeg    . . .      Spirit   +    a - +0 leather armour
rPois   .          Reflect  .    b - +0 helmet
rElec   .          Rampage  .    q - +0 cloak "Burden of Ashenzari" {Elem, Melee} (curse)
rCorr   .                        e - +0 pair of gloves
Will    +....                    r - +2 pair of boots of Ashenzari's Sybil {Alch, Self} (curse)
Stlth   +                        (no amulet)
HPRegen 1.06/turn                l - ring of willpower
MPRegen 0.11/turn                c - ring of protection from fire

@: no status effects
A: fangs 2, regeneration 1, magic shield, antimagic bite, no potion heal 2
a: Renounce Religion, Shatter the Chains


You were on level 5 of the Dungeon.
You worshipped Ashenzari.
Ashenzari was aware of your devotion.
You visited 1 branch of the dungeon, and saw 5 of its levels.

You collected 211 gold pieces.

Inventory:

Missiles
 d - a javelin (quivered)
 f - 10 boomerangs
 g - 8 poisoned darts
Armour
 a - a +0 leather armour (worn)
 b - a +0 helmet (worn)
 e - a +0 pair of gloves (worn)
 q - the cursed +0 cloak "Burden of Ashenzari" (worn) {Elem, Melee}
   (You found it on level 2 of the Dungeon)

   It has a curse which improves the following skills: Elements: Fire Magic, Ice
   Magic, Air Magic and Earth Magic.
   Melee Combat: Short Blades, Long Blades, Axes, Maces & Flails, Polearms,
   Staves and Unarmed Combat.
 r - the cursed +2 pair of boots of Ashenzari's Sybil (worn) {Alch, Self}
   (You found it on level 2 of the Dungeon)

   It has a curse which improves the following skills: Alchemy: Poison Magic and
   Transmutations.
   Introspection: Fighting and Spellcasting.
Jewellery
 c - a ring of protection from fire (right hand)
 j - a ring of wizardry
 l - a ring of willpower (left hand)
Scrolls
 i - 2 scrolls of teleportation
 n - 2 scrolls of fear
Potions
 h - 2 potions of mutation
 k - 2 potions of heal wounds
 m - 3 potions of magic
 o - a potion of haste
 t - 2 potions of attraction
 v - 2 potions of invisibility


   Skills:
 + Level 4.6(5.4) Fighting
 - Level 2.0 Throwing
 - Level 2.6 Dodging
 + Level 5.6(6.4) Unarmed Combat


You had 6 spell levels left.
You didn't know any spells.
Your spell library contained the following spells:

 Spells                   Type           Power      Damage    Failure   Level
 Magic Dart               Conj           0%         1d3       45%         1
 Blink                    Tloc           0%         N/A       61%         2
 Call Imp                 Summ           0%         N/A       61%         2
 Mephitic Cloud           Conj/Pois/Air  0%         N/A       83%         3
 Ozocubu's Armour         Ice            0%         N/A       83%         3
 Manifold Assault         Tloc           0%         N/A       99%         4
 Metabolic Englaciation   Hex/Ice        0%         N/A       100%        5
 Simulacrum               Ice/Necr       0%         N/A       100%        6
 Storm Form               Tmut/Air       0%         N/A       100%        7
 Chain Lightning          Conj/Air       0%         N/A       100%        9
 Fire Storm               Conj/Fire      0%         5d1       100%        9
 Shatter                  Erth           0%         3d5*      100%        9


Dungeon Overview and Level Annotations

Branches:
Dungeon (5/15)             Temple (0/1) D:4

Altars:
Ashenzari
Cheibriados
Kikubaaqudgha
Ru
Trog

Shops:
D:3 (


Innate Abilities, Weirdness & Mutations

You have extremely sharp teeth.
Your natural rate of healing is unusually fast.
When hurt, damage is shared between your health and your magic reserves.
Your bite disrupts and absorbs the magic of your enemies.
Potions cannot restore your health.


Message History

n - 2 scrolls of fear (gained 1)
You now have 211 gold pieces (gained 6).
You open the door.
Found an escape hatch in the floor.
There is an open door here.
There is an escape hatch in the floor here.
t - 2 potions of attraction (gained 1)
There is an open door here.
i - 2 scrolls of teleportation (gained 1)
An ogre comes into view. It is wielding a +0 giant spiked club.
Found a scroll of amnesia.
Unknown command.
Throw: 10 darts (poison)
Press: ? - help, Shift-Dir - straight line, f - ogre
Aim: an ogre, wielding a +0 giant spiked club (wandering, hasn't noticed you, 76% to hit)
You throw a poisoned dart. The poisoned dart hits the ogre.
The ogre is poisoned.
The ogre shouts!
(D) Dungeon (T) Temple
Where to? (Enter - D:5, ? - help)
Okay, then.
Throw: 9 darts (poison)
Press: ? - help, Shift-Dir - straight line, f/p - ogre
Aim: an ogre, wielding a +0 giant spiked club (lightly wounded, poisoned, 76% to hit)
You throw a poisoned dart.
The poisoned dart completely misses the ogre.
Unknown command.
You barely miss the ogre.
The ogre is lightly wounded.
The ogre barely misses you.
You barely miss the ogre.
The ogre is lightly wounded.
The ogre hits you with a +0 giant spiked club!!
You punch the ogre! You bite the ogre, but do no damage.
The ogre is heavily wounded.
You hit the ogre. Your bite misses the ogre.
The ogre is severely wounded.
The ogre hits you with a +0 giant spiked club!!
Ouch! That really hurt!
You die...

###########
#.........########
#.#######.#.......
#####.##
#.......##
#......#
###......#
#.###..###
#.#...## #.@...#
#.##.... #.O.#.#
#.##.### #...#.#
#....... #...# #
####'### #.(.#
##...## ..(.#
##.....# #....
##....... ##.#.
####........
...'........


You could see an ogre (poisoned).

Vanquished Creatures
  A water moccasin (D:4)
  An orc warrior (D:4)
  A black bear (D:4)
  4 gnolls (D:4)
  2 adders
  A white imp (D:4)
  3 worms
  5 dart slugs
  3 orcs (D:4)
  5 endoplasms
  4 giant cockroaches
  4 goblins
  5 hobgoblins
  4 jackals (D:4)
  3 quokkas
  7 ball pythons
  5 bats
  6 frilled lizards
  6 kobolds
  A rat (D:3)
71 creatures vanquished.

Notes
Turn   | Place    | Note
-------+----------+-------------------------------------------
     0 | D:1      | Zonian the Vine Stalker Gladiator began the quest for the
                  | Orb.
     0 | D:1      | Reached XP level 1. HP: 11/11 MP: 2/2
   247 | D:1      | Reached XP level 2. HP: 15/15 MP: 3/3
   534 | D:2      | Reached XP level 3. HP: 17/18 MP: 4/4
   871 | D:2      | Found a snail-covered altar of Cheibriados.
   897 | D:2      | Found a faded altar of an unknown god.
  1156 | D:3      | Found a broken altar of Ashenzari.
  1192 | D:3      | Became a worshipper of Ashenzari the Shackled
  1262 | D:3      | Found Etharixt's Antique Weapon Shop.
  1352 | D:3      | Gained mutation: Your natural rate of healing is unusually
                  | fast. [Vine Stalker growth]
  1352 | D:3      | Reached XP level 4. HP: 22/23 MP: 5/5
  1843 | D:3      | Found an ancient bone altar of Kikubaaqudgha.
  1952 | D:4      | Noticed a black bear
  1964 | D:4      | Killed a black bear
  1965 | D:4      | Reached skill level 4 in Unarmed Combat
  1965 | D:4      | Reached XP level 5. HP: 28/28 MP: 6/6
  2111 | D:4      | Noticed a water moccasin
  2122 | D:4      | Killed a water moccasin
  2123 | D:4      | Reached skill level 5 in Unarmed Combat
  2123 | D:4      | Reached XP level 6. HP: 8/33 MP: 4/7
  2156 | D:4      | Identified the cursed +2 pair of boots of Ashenzari's Sybil
                  | {Alch, Self} (You found it on level 2 of the Dungeon)
  2562 | D:4      | Found a sacrificial altar of Ru.
  2585 | D:4      | Noticed an orc warrior
  2604 | D:4      | Killed an orc warrior
  2730 | D:4      | Reached XP level 7. HP: 39/39 MP: 8/8
  2901 | D:4      | Found a staircase to the Ecumenical Temple.
  2996 | D:4      | Reached * piety under Ashenzari
  3026 | D:5      | Entered Level 5 of the Dungeon
  3075 | D:5      | Found a bloodstained altar of Trog.
  3316 | D:5      | Slain by an ogre

Illustrated notes

Levels and vault maps discovered:
D:1:      dpeg_arrival_rhombi, layout_rooms
D:2:      layout_rooms, shapermc_ecumenical_altar_mp_vishouse, basic_altar
D:3:      layout_basic, general_overflow_altar,
          mainiacjoe_overflow_concentric_impassable, serial_shops,
          nicolae_shop_statue_plus, minmay_misc_feat_enclosed
D:4:      layout_loops_ring, nicolae_ru_great_annihilating_truth,
          minmay_temple_entry_enclosed_plants
D:5:      layout_loops_corners, nicolae_overflow_hidden_temple,
          uniq_prince_ribbit1, uniq_sigmund

Skill      XL: |  1  2  3  4  5 |
---------------+----------------+-----
Fighting       | 2 3 4 |  4.6
Throwing       | 2 |  2.0
Unarmed Combat | 4 5 |  5.6
Dodging        | |  2.6

Action                     |  1- 3 |  4- 6 |  7- 9 || total
---------------------------+-------+-------+-------++-------
  Melee: Unarmed           |   108 |   107 |     4 ||   219
         Bite              |    30 |    29 |     1 ||    60
         Punch             |     2 |     6 |       ||     8
  Throw: Throwing net      |     2 |     7 |       ||     9
         Dart              |       |       |     2 ||     2
 Invoke: Curse Item        |       |     1 |     1 ||     2
    Use: Scroll            |       |     7 |     1 ||     8
         Potion            |       |     3 |       ||     3
   Stab: Sleeping          |     3 |       |       ||     3
         Held in net/web   |       |     1 |       ||     1
         Paralysed         |       |     2 |       ||     2
 Armour: Leather armour    |    20 |    28 |       ||    48
         Skin              |       |     1 |       ||     1
  Dodge: Dodged            |    53 |    38 |     1 ||    92

Table legend: (Time is in decaauts)
 A = Elapsed time spent in this place.
 B = Non-inter-level travel time spent in this place.
 C = Inter-level travel time spent in this place.
 D = Time resting spent in this place.
 E = Time spent auto-exploring this place.
 F = Levels seen in this place.
 G = Mean time per level.
                   A        B        C        D        E       F      G
               +--------+--------+--------+--------+--------+-----+--------+
         Total |   3296 |   3186 |    110 |    136 |   2321 |   5 |  659.2 |
       Dungeon |   3296 |   3186 |    110 |    136 |   2321 |   5 |  659.2 |
               +--------+--------+--------+--------+--------+-----+--------+

Top non-repeatable levels by time:
     D:4: 1062 daAuts
     D:3: 919 daAuts
     D:2: 551 daAuts
     D:1: 473 daAuts
     D:5: 289 daAuts
